 Dungeon Crawl Stone Soup version 0.30.0 (webtiles) character file.

Game seed: 407521977004845289

835 jimonade the Twirler (level 8, -13/60 HPs)
             Began as a Formicid Gladiator on May 6, 2023.
             Mangled by Pikel the skyshark (glowing shapeshifter) (17 damage)
             ... on level 5 of the Dungeon on May 7, 2023.
             The game lasted 00:12:27 (3548 turns).

jimonade the Twirler (Formicid Gladiator)           Turns: 3548, Time: 00:12:28

Health: -13/60     AC: 11    Str: 20    XL:     8   Next: 18%
Magic:  8/8        EV: 10    Int:  9    God:
Gold:   207        SH:  0    Dex: 15    Spells: 7/7 levels left

rFire   . . .        a - +2 quarterstaff (chaos)
rCold   + . .        (no shield)
rNeg    . . .        f - +0 chain mail
rPois   +            (helmet unavailable)
rElec   .            y - +1 cloak
rCorr   .            (no gloves)
SInv    +            (no boots)
Will    .....        k - amulet of faith Stlth
                     g - ring of poison resistance
HPRegen 0.30/turn    r - ring of protection from cold
MPRegen 0.11/turn

%: faith
@: no status effects
A: permanent stasis, dig shafts and tunnels, antennae 3, four strong arms
a: Dig, Shaft Self


You were on level 5 of the Dungeon.
You visited 1 branch of the dungeon, and saw 5 of its levels.

You collected 207 gold pieces.

Inventory:

Hand Weapons
 a - a +2 quarterstaff of chaos (weapon)
 h - a +1 dagger of electrocution
 x - a +0 quarterstaff
Missiles
 c - 3 throwing nets (quivered)
 d - a javelin
Armour
 b - a +0 leather armour
 f - a +0 chain mail (worn)
 n - a +0 ring mail
 y - a +1 cloak (worn)
Jewellery
 g - a ring of poison resistance (left hand)
 k - an amulet of faith (around neck)
 r - a ring of protection from cold (right hand)
Wands
 u - a wand of flame (11)
 w - a wand of polymorph (9)
Scrolls
 e - a scroll of poison {unknown}
 j - 4 scrolls of enchant armour
 m - a scroll of fog {unknown}
 o - 2 scrolls of amnesia {unknown}
 q - a scroll of immolation {unknown}
 t - a scroll of magic mapping {unknown}
 z - 2 scrolls of identify
 A - a scroll of noise {unknown}
Potions
 i - a potion of lignification {unknown}
 l - 2 potions of brilliance
 p - a potion of haste {unknown}
 s - 3 potions of curing
 v - 2 potions of attraction
 B - a potion of mutation {unknown}


   Skills:
 + Level 3.7 Fighting
 + Level 6.1 Staves
 + Level 2.0 Throwing
 + Level 4.8 Armour
 + Level 4.1 Dodging
 + Level 1.8 Stealth
 + Level 1.1 Evocations


You had 7 spell levels left.
You didn't know any spells.
Your spell library contained the following spells:

 Spells                   Type           Power      Damage    Failure   Level
 Ensorcelled Hibernation  Hex/Ice        0%         N/A       99%         2
 Spider Form              Tmut/Pois      0%         N/A       100%        3
 Tukima's Dance           Hex            0%         N/A       100%        3
 Anguish                  Hex/Necr       0%         N/A       100%        4
 Passage of Golubria      Tloc           0%         N/A       100%        4
 Yara's Violent Unravell  Hex/Tmut       0%         3d3       100%        5


Dungeon Overview and Level Annotations

Branches:
Dungeon (5/15)
 Temple: D:4-7

Altars:

Shops:
D:4 [

Annotations:
D:5 1 transporter, Pikel; monsoonserge's ghost, novice DrRe


Innate Abilities, Weirdness & Mutations

You cannot be hasted, slowed, berserked, paralysed or teleported.
You can dig through walls and to a lower floor.
You have a pair of large antennae on your head. (SInv)
Your four strong arms can wield two-handed weapons with a shield.


Message History

* * * LOW HITPOINT WARNING * * *
You barely miss Pikel. Pikel barely misses you.
You sock Pikel!
Space warps around Pikel.
Pikel is lightly wounded.
Pikel hits you.
* * * LOW HITPOINT WARNING * * *
You completely miss Pikel.
Pikel is lightly wounded.
Pikel hits you!
* * * LOW HITPOINT WARNING * * *
You hit Pikel. You burn Pikel.
Pikel is moderately wounded.
Pikel the faun changes into a death drake!
You barely miss Pikel. Pikel bites you.
* * * LOW HITPOINT WARNING * * *
Press: ? - help, v - describe, . - travel, g - get item
Here: Pikel the death drake shaped shifter
Items here: a +1 whip of freezing; a +0 robe.
The floor, spattered with blood.
Unknown command.
Press: ? - help, v - describe, . - travel, g - get item
Here: Pikel the death drake shaped shifter
Items here: a +1 whip of freezing; a +0 robe.
The floor, spattered with blood.
You closely miss Pikel. Pikel closely misses you.
You hit Pikel.
Pikel is lightly wounded.
Pikel the death drake changes into a skyshark!
You barely miss Pikel. You thump Pikel! You burn Pikel.
Pikel is moderately wounded.
You hear a shout!
Pikel bites you.
* * * LOW HITPOINT WARNING * * *
Pikel tastes blood and grows stronger!
Pikel tail-slaps you but does no damage. x2
You closely miss Pikel.
Pikel is moderately wounded.
Pikel bites you!
You die...

# ### #.#..
...##.#.#######
..$....55{...?K #l#
#@# #.## . #..# .
##.##### # ..##.#...#
# ..##.#.#.# #
########.##.#.#.# # #
#
#.........#.#<#.#.#.#
##
#.........#.#.#.#...#


You could see Pikel the skyshark shaped shifter (strong) and 2 lemures.

Vanquished Creatures
  Grinder (D:4)
  Menkaure (D:4)
  An orc warrior (D:5)
  A lemure (D:5)
  A phantom (D:4)
  Crazy Yiuf (D:3)
  A hound (D:4)
  2 iguanas
  3 orc wizards
  8 adders
  2 dart slugs
  13 orcs
  6 ball pythons
  6 endoplasms
  5 giant cockroaches
  7 goblins
  3 hobgoblins
  9 kobolds
  3 quokkas
  4 bats
  5 frilled lizards
  8 rats
91 creatures vanquished.

Notes
Turn   | Place    | Note
-------+----------+-------------------------------------------
     0 | D:1      | jimonade the Formicid Gladiator began the quest for the
                  | Orb.
     0 | D:1      | Reached XP level 1. HP: 16/16 MP: 1/1
   117 | D:1      | Reached XP level 2. HP: 22/22 MP: 2/2
   413 | D:1      | Reached XP level 3. HP: 27/27 MP: 3/3
  1046 | D:2      | Reached XP level 4. HP: 34/34 MP: 4/4
  1049 | D:2      | Reached skill level 4 in Staves
  1077 | D:2      | Reached skill level 1 in Armour
  1179 | D:2      | Reached skill level 1 in Stealth
  1256 | D:2      | Found a faded altar of an unknown god.
  1659 | D:3      | Reached XP level 5. HP: 39/39 MP: 5/5
  1885 | D:3      | Found a runed translucent door.
  1886 | D:3      | Noticed Crazy Yiuf
  1897 | D:3      | Killed Crazy Yiuf
  2334 | D:4      | Noticed a phantom
  2340 | D:4      | Killed a phantom
  2341 | D:4      | Reached XP level 6. HP: 46/46 MP: 6/6
  2471 | D:4      | Noticed Grinder
  2493 | D:4      | Killed Grinder
  2494 | D:4      | Reached skill level 5 in Staves
  2494 | D:4      | Reached XP level 7. HP: 20/52 MP: 7/7
  2667 | D:4      | Found Naipnub's Antique Armour Shop.
  2795 | D:4      | Noticed Menkaure
  2799 | D:4      | Killed Menkaure
  2800 | D:4      | Reached skill level 1 in Evocations
  3115 | D:5      | Entered Level 5 of the Dungeon
  3159 | D:5      | Found a transporter.
  3213 | D:5      | HP: 2/52 [orc warrior/+0 halberd (11)]
  3219 | D:5      | Reached skill level 6 in Staves
  3219 | D:5      | Reached XP level 8. HP: 1/60 MP: 8/8
  3431 | D:5      | Noticed monsoonserge's ghost (novice DrRe)
  3514 | D:5      | Noticed Pikel
  3536 | D:5      | Pikel changed into Pikel the glowing shapeshifter
  3536 | D:5      | Noticed Pikel (glowing shapeshifter)
  3536 | D:5      | Pikel the glowing shapeshifter changed into Pikel the faun
  3536 | D:5      | Noticed Pikel (glowing shapeshifter)
  3542 | D:5      | Pikel the faun changed into Pikel the death drake
  3542 | D:5      | Noticed Pikel (glowing shapeshifter)
  3545 | D:5      | Pikel the death drake changed into Pikel the skyshark
  3545 | D:5      | Noticed Pikel (glowing shapeshifter)
  3548 | D:5      | Mangled by Pikel the skyshark (glowing shapeshifter)

Illustrated notes

Levels and vault maps discovered:
D:1:      minmay_arrival_four_circles, layout_basic, minmay_octomino_j4
D:2:      layout_rooms, dilly_ecumenical_altar_fadedgnrine
D:3:      layout_basic, uniq_crazy_yiuf_cottage
D:4:      layout_gridville, serial_shops, shop, uniq_menkaure, uniq_grinder
D:5:      layout_basic, gammafunk_ghost_stat_death, uniq_pikel

Skill      XL: |  1  2  3  4  5  6  7 |
---------------+----------------------+-----
Dodging        | 3 4 |  4.1
Staves         | 4 5 6 |  6.1
Armour         | 1 3 4 |  4.8
Stealth        | 1 |  1.8
Fighting       | 3 |  3.7
Evocations     | 1 |  1.1
Throwing       | |  2.0

Action                     |  1- 3 |  4- 6 |  7- 9 || total
---------------------------+-------+-------+-------++-------
  Melee: Quarterstaff      |   106 |   135 |    84 ||   325
         Punch             |     1 |     2 |     2 ||     5
  Evoke: Wand              |       |     5 |       ||     5
    Use: Scroll            |       |     6 |       ||     6
   Stab: Sleeping          |     5 |       |       ||     5
 Armour: Leather armour    |    17 |       |       ||    17
         Ring mail         |    15 |    57 |       ||    72
         Chain mail        |       |     6 |    21 ||    27
  Dodge: Dodged            |    68 |    98 |    40 ||   206
